 Dungeon Crawl Stone Soup version 0.29.1-2-gbd0b4ee654 (webtiles) character file.

Game seed: 229479472198294133

1435 sanboga the Cleaver (level 8, -1/63 HPs)
             Began as a Minotaur Monk on Nov 4, 2022.
             Was a Believer of Hepliaklqana.
             Slain by Prince Ribbit (8 damage)
             ... on level 6 of the Dungeon.
             The game lasted 00:06:40 (6133 turns).

sanboga the Cleaver (Minotaur Monk)                 Turns: 6133, Time: 00:06:40

Health: -1/63      AC: 15    Str: 18    XL:     8   Next: 45%
Magic:  7/7        EV:  6    Int: 14    God:    Hepliaklqana [**....]
Gold:   208        SH:  5    Dex: 15    Spells: 7/7 levels left

rFire   . . .      SeeInvis +   g - +0 war axe
rCold   . . .      Faith    .   t - +0 buckler
rNeg    . . .      Spirit   .   C - +0 plate armour
rPois   .          Reflect  .   (helmet restricted)
rElec   .          Harm     .   (no cloak)
rCorr   .          Rampage  .   r - +0 pair of gloves
Will    .....                   s - +0 pair of boots
Stlth   ..........              z - amulet of the acrobat
HPRegen 0.20/turn               m - ring "Nosext" {Int+7 Dex+2 SInv}
MPRegen 0.10/turn               (no ring)

@: no status effects
A: reduced essence, horns 2, retaliatory headbutt
a: Renounce Religion, Recall Ancestor, Ancestor Identity


You were on level 6 of the Dungeon.
You worshipped Hepliaklqana.
Hepliaklqana was pleased with you.
You visited 2 branches of the dungeon, and saw 7 of its levels.

You collected 208 gold pieces.

Inventory:

Hand Weapons
 g - a +0 war axe (weapon)
Armour
 r - a +0 pair of gloves (worn)
 s - a +0 pair of boots (worn)
 t - a +0 buckler (worn)
 C - a +0 plate armour (worn)
Jewellery
 m - the ring "Nosext" (left hand) {Int+7 Dex+2 SInv}
   (You found it on level 2 of the Dungeon)

   [ring of see invisible]

   Int:       It affects your intelligence (+7).
   Dex:       It affects your dexterity (+2).
   SInv:      It lets you see invisible.
 z - an amulet of the acrobat (around neck)
Wands
 y - a wand of iceblast (9)
Scrolls
 d - a scroll of butterflies {unknown}
 h - 3 scrolls of teleportation {unknown}
 k - 5 scrolls of identify {unknown}
 l - 3 scrolls of immolation {unknown}
 p - a scroll of magic mapping {unknown}
 q - 2 scrolls of vulnerability {unknown}
 x - a scroll of silence {unknown}
 A - 2 scrolls of fear {unknown}
 B - a scroll of amnesia {unknown}
 E - a scroll of enchant armour {unknown}
 F - a scroll of brand weapon {unknown}
Potions
 a - a potion of invisibility {unknown}
 b - 2 potions of might
 c - a potion of ambrosia
 e - 3 potions of resistance {unknown}
 f - 4 potions of heal wounds {unknown}
 i - 2 potions of curing {unknown}
 j - a potion of attraction {unknown}
 n - 2 potions of flight {unknown}
 o - 3 potions of lignification {unknown}
 u - a potion of magic {unknown}
 v - 3 potions of berserk rage {unknown}
 w - 2 potions of haste {unknown}
 D - 2 potions of brilliance {unknown}


   Skills:
 + Level 6.8 Fighting
 * Level 9.0 Axes
 + Level 5.5 Armour
 - Level 3.2 Dodging
 - Level 1.5 Stealth
 + Level 4.5 Shields


You had 7 spell levels left.
You didn't know any spells.
Your spell library contained the following spells:

 Spells                   Type           Power      Damage    Failure   Level
 Inner Flame              Hex/Fire       0%         N/A       100%        3
 Cause Fear               Hex            0%         N/A       100%        4
 Discord                  Hex            0%         N/A       100%        8


Dungeon Overview and Level Annotations

Branches:
Dungeon (6/15)             Temple (1/1) D:6

Altars:
Cheibriados
Elyvilon
Gozag
Hepliaklqana
Kikubaaqudgha
Makhleb
Nemelex Xobeh
Okawaru
Qazlal
Sif Muna
Trog
Vehumet
Wu Jian
Xom
Yredelemnul
The Shining One

Annotations:
D:6 Prince Ribbit


Innate Abilities, Weirdness & Mutations

Your life essence is reduced to manifest your ancestor. (-10% HP)
You have a pair of horns on your head.
You reflexively headbutt those who attack you in melee.


Message History

The kobold brigand hits you but does no damage.
Prince Ribbit hits you.
You are too injured to fight recklessly!
The kobold brigand barely misses you.
You see here a black bear corpse.
You slash the kobold brigand!
You headbutt the kobold brigand, but do no damage.
The kobold brigand is almost dead.
You barely miss Prince Ribbit.
Prince Ribbit catches a mosquito with his tongue.
Prince Ribbit hits you!
* * * LOW HITPOINT WARNING * * *
You block the kobold brigand's attack.
Dexter hits the kobold brigand with a +0 dagger of draining.
Dexter drains the kobold brigand.
The kobold brigand dies!
Prince Ribbit hits you but does no damage.
Your Axes skill increases to level 9!
You are too injured to fight recklessly!
You are too injured to fight recklessly!
You completely miss Prince Ribbit.
Prince Ribbit blinks!
Things that are here:
a +0 club; 2 poisoned darts Prince Ribbit blinks!
You slash Prince Ribbit! Your headbutt misses Prince Ribbit.
Prince Ribbit is lightly wounded.
Prince Ribbit hits you!
* * * LOW HITPOINT WARNING * * *
Dexter barely misses Prince Ribbit.
You hit Prince Ribbit.
Prince Ribbit is moderately wounded.
You block Prince Ribbit's attack.
Dexter hits Prince Ribbit with a +0 dagger of draining.
You block Prince Ribbit's attack.
Dexter hits Prince Ribbit with a +0 dagger of draining.
Dexter drains Prince Ribbit.
You barely miss Prince Ribbit.
Prince Ribbit is heavily wounded.
Prince Ribbit hits you!
You die...

#.................#
#####.#######.....#
#^# #.....# ..#
##.#### #### #.#
#.# #.# #.#
###@###.##
#.†F)....#
#.#R###..# #....#
.. ......# ......##
##....## ####.# #.#


You could see the friendly Dexter the hexer and Prince Ribbit (drained, ally
target).

Vanquished Creatures
  3 black bears
  A sky beast (D:6)
  3 ogres
  2 scorpions
  A necrophage (D:4)
  A howler monkey (D:4)
  The ghost of xian the Gusty, a weakling DsAE (D:3)
  A jelly (D:4)
  A bullfrog skeleton (D:3)
  A hound (D:4)
  A gnoll bouda (D:5)
  2 iguanas (D:6)
  An orc wizard (D:6)
  A hound zombie (D:3)
  A mummy (D:3)
  A howler monkey zombie (D:3)
  4 gnolls (D:5)
  7 adders
  A shadow imp (D:5)
  2 white imps
  3 ufetubi
  An adder skeleton (D:3)
  2 worms (D:4)
  5 dart slugs
  6 orcs
  10 endoplasms
  2 giant cockroaches (D:1)
  10 goblins
  11 hobgoblins
  4 jackals (D:3)
  2 quokkas
  6 ball pythons
  7 bats
  3 frilled lizards
  A jackal zombie (D:3)
  15 kobolds
  A quokka zombie (D:3)
  8 rats
133 creatures vanquished.

Vanquished Creatures (collateral kills)
  A kobold brigand (D:6)
1 creature vanquished.

Vanquished Creatures (others)
  4 withered plants (D:3)
4 creatures vanquished.

Grand Total: 138 creatures vanquished

Notes
Turn   | Place    | Note
-------+----------+-------------------------------------------
     0 | D:1      | sanboga the Minotaur Monk began the quest for the Orb.
     0 | D:1      | Reached XP level 1. HP: 19/19 MP: 0/0
   234 | D:1      | Reached skill level 4 in Axes
   344 | D:1      | Reached XP level 2. HP: 25/27 MP: 1/1
   492 | D:1      | Reached skill level 1 in Armour
  1047 | D:1      | Reached XP level 3. HP: 33/33 MP: 2/2
  1426 | D:2      | Identified the ring "Nosext" {Int+7 Dex+2 SInv}
  1983 | D:3      | Reached skill level 5 in Axes
  1983 | D:3      | Reached XP level 4. HP: 40/40 MP: 3/3
  2118 | D:3      | Found a transporter.
  2120 | D:3      | Noticed xian's ghost (weakling DsAE)
  2138 | D:3      | Found a transporter.
  2223 | D:3      | Killed xian's ghost
  2224 | D:3      | Reached XP level 5. HP: 40/47 MP: 4/4
  2525 | D:3      | Found a radiant altar of Vehumet.
  2525 | D:3      | Found a snail-covered altar of Cheibriados.
  2525 | D:3      | Found an ornate altar of the Wu Jian Council.
  2675 | D:3      | Reached skill level 6 in Axes
  3020 | D:4      | Noticed a black bear
  3028 | D:4      | Killed a black bear
  3029 | D:4      | Reached skill level 5 in Fighting
  3029 | D:4      | Reached skill level 1 in Shields
  3029 | D:4      | Reached XP level 6. HP: 43/56 MP: 5/5
  3345 | D:4      | Reached skill level 7 in Axes
  3789 | D:4      | Reached XP level 7. HP: 46/61 MP: 6/6
  4539 | D:5      | Entered Level 5 of the Dungeon
  4760 | D:5      | Reached skill level 8 in Axes
  4968 | D:5      | Reached XP level 8. HP: 47/70 MP: 7/7
  5722 | D:6      | Found a staircase to the Ecumenical Temple.
  5730 | Temple   | Entered the Ecumenical Temple
  5780 | Temple   | Became a worshipper of Hepliaklqana the Forgotten
  5780 | Temple   | Reached * piety under Hepliaklqana
  5780 | Temple   | Reached ** piety under Hepliaklqana
  5781 | Temple   | Remembered your ancestor Dexter as a hexer
  5826 | D:6      | Reached skill level 5 in Armour
  6111 | D:6      | Noticed Prince Ribbit
  6128 | D:6      | Reached skill level 9 in Axes
  6133 | D:6      | Slain by Prince Ribbit

Illustrated notes

Levels and vault maps discovered:
D:1:      dpeg_arrival_tiny_d, layout_loops_ring
D:2:      layout_loops_ring
D:3:      layout_basic, chequers_temple_overflow_statue_of_worship,
          gammafunk_ghost_mausoleum, serial_undead, serial_undead_c,
          serial_undead_d, serial_undead_b, serial_undead_c, serial_undead_b,
          serial_undead_b, serial_undead_b, serial_undead_c
D:4:      minmay_thinvault, layout_loops_ring
D:5:      layout_basic
D:6:      layout_loops_corners, minmay_temple_entry_tees, uniq_prince_ribbit1
Temple:   mainiacjoe_temple_coin_purse

Skill      XL: |  1  2  3  4  5  6  7  8 |
---------------+-------------------------+-----
Axes           | 4 5 6 7 8 9 |  9.0
Armour         | 1 2 3 4 5 |  5.5
Fighting       | 4 5 6 |  6.8
Shields        | 1 2 3 4 |  4.5
Dodging        | |  3.2
Stealth        | |  1.5

Action                   |  1- 3 |  4- 6 |  7- 9 || total
-------------------------+-------+-------+-------++-------
Melee: Hand axe          |    22 |       |       ||    22
       Headbutt          |    18 |    25 |    21 ||    64
       War axe           |    72 |    97 |   106 ||   275
       Punch             |     1 |       |       ||     1
Invok: Ancestor Life: He |       |       |     1 ||     1
       Ancestor Identity |       |       |     1 ||     1
 Stab: Sleeping          |     2 |     6 |     5 ||    13
       Distracted        |       |       |     1 ||     1
Armor: Robe              |    16 |    20 |     4 ||    40
       Plate armour      |       |       |    55 ||    55
Dodge: Dodged            |    64 |    67 |    46 ||   177
Block: Buckler           |       |    14 |    35 ||    49
